 Dungeon Crawl Stone Soup version 0.21.1-1-g345015f (console) character file.

60 toffzen the Conjurer (level 3, -9/19 HPs)
             Began as a Deep Elf Conjurer on Apr 16, 2018.
             Mangled by an orc warrior
             ... wielding a +0 mace
              (18 damage)
             ... on level 2 of the Dungeon.
             The game lasted 00:06:31 (2409 turns).

toffzen the Conjurer (Deep Elf Conjurer)            Turns: 2409, Time: 00:06:32

Health: -9/19      AC:  2    Str:  5    XL:     3   Next: 82%
Magic:  3/10       EV: 13    Int: 20    God:
Gold:   75         SH:  0    Dex: 15    Spells: 7/10 levels left

rFire    . . .     SeeInvis .   (no weapon)
rCold    . . .     Gourm    .   (no shield)
rNeg     . . .     Faith    .   a - +0 robe
rPois    .         Spirit   .   (no helmet)
rElec    .         Reflect  .   (no cloak)
rCorr    .         Harm     .   (no gloves)
MR       .....                  (no boots)
Stlth    ++........             (no amulet)
HPRegen  0.06/turn              (no ring)
MPRegen  0.12/turn              (no ring)

@: no status effects
A: no striking features
a: no special abilities


You were on level 2 of the Dungeon.
You were not hungry.

You visited 1 branch of the dungeon, and saw 3 of its levels.

You collected 75 gold pieces.

Inventory:

Hand Weapons
 h - a +5 dagger
 l - a +0 hunting sling
Missiles
 e - 85 stones (quivered)
Armour
 a - a +0 robe (worn)
Jewellery
 j - an uncursed ring of protection from cold {unknown}
 p - a cursed ring of positive energy {unknown}
Wands
 s - a wand of flame (18)
Scrolls
 f - a scroll of magic mapping {unknown}
 i - a scroll of amnesia {unknown}
 k - a scroll of identify
 m - a scroll of teleportation {unknown}
 n - a scroll of enchant weapon {unknown}
 q - a scroll of random uselessness {unknown}
Potions
 d - a potion of might {unknown}
 g - 2 potions of resistance
 r - a potion of curing {unknown}
Books
 b - a book of Conjurations

   Spells                             Type                      Level
   a - Magic Dart                     Conjuration                  1
   b - Searing Ray                    Conjuration                  2
   c - Dazzling Spray                 Conjuration/Hexes            3
   d - Fulminant Prism                Conjuration/Hexes            4
   e - Force Lance                    Conjuration/Translocation    4
   f - Iskenderun's Mystic Blast      Conjuration                  4
Comestibles
 c - 4 rations


   Skills:
 - Level 2.4 Dodging
 - Level 2.4 Stealth
 + Level 4.0 Spellcasting
 * Level 5.5 Conjurations


You had 7 spell levels left.
You knew the following spells:

 Your Spells              Type           Power        Failure   Level  Hunger
a - Magic Dart            Conj           ####         1%          1    None
b - Searing Ray           Conj           ####..       1%          2    #......


Dungeon Overview and Level Annotations

Branches:
Dungeon (3/15)

Altars:
Ru


Message History

The searing ray misses the orc warrior.
The orc warrior hits you with a mace. The orc warrior hits you with a mace.
There is a stone staircase leading up here.
There is a stone staircase leading up here.
A bat comes into view.
There is a stone staircase leading up here.
The orc warrior barely misses you.
You climb upwards.
There is a stone staircase leading down here.
Casting: Searing Ray
Confirm with . or Enter, or press ? or * to list all spells.
Aiming: Searing Ray
Press: ? - help, Shift-Dir - straight line, f - orc warrior
Aim: an orc warrior, wielding a mace and wearing a chain mail (moderately wounded)
The searing ray hits the orc warrior.
The orc warrior is moderately wounded. (Press . to maintain the ray.)
The orc warrior hits you with a mace!!
Ouch! That really hurt!
You die...

######.#.......###.##...
#............#..........
#.####..#######.#.......
#.# #...# #.#.###.#. #.#
##..# #....##... #.#
#..# #.......#. #.# #..#
#####...##.#. #.# #o.#
#...##.###.#. #.## #.@#
#..........#. #..#
#..####...........< ##.#
#........###.###### #)#
##.#####.# #....... #.#
#.#####.########## #.#
#.##...#.# #.#
#.##.##.## #.# #.##.####
#.# #.##.#### ########


You could see an orc warrior.

Vanquished Creatures
  A worm (D:2)
  A dart slug (D:1)
  A leopard gecko (D:1)
  2 orcs (D:3)
  3 bats
  4 giant cockroaches
  4 goblins
  8 hobgoblins
  A quokka (D:2)
  2 frilled lizards
  8 kobolds
  17 rats
52 creatures vanquished.

Notes
Turn   | Place    | Note
-------+----------+-------------------------------------------
     0 | D:1      | toffzen the Deep Elf Conjurer began the quest for the Orb.
     0 | D:1      | Reached XP level 1. HP: 10/10 MP: 6/6
   190 | D:1      | Reached XP level 2. HP: 13/15 MP: 2/8
   197 | D:1      | Learned a level 2 spell: Searing Ray
   474 | D:1      | Reached skill level 5 in Conjurations
   677 | D:1      | Reached XP level 3. HP: 19/19 MP: 7/10
  2169 | D:3      | Found a sacrificial altar of Ru.
  2223 | D:3      | Noticed an orc warrior
  2409 | D:2      | Mangled by an orc warrior

Skill      XL: |  1  2  3 |
---------------+----------+-----
Conjurations   | 5 |  5.5
Spellcasting   | 4 |  4.0
Dodging        | |  2.4
Stealth        | |  2.4

Action                   || total
-------------------------++-------
 Cast: Magic Dart        ||    91
       Searing Ray       ||     7
  Use: Scroll            ||     1
  Eat: Chunk             ||     4
Armor: Robe              ||     2
Dodge: Dodged            ||    15
